 Dungeon Crawl Stone Soup version 0.31.0-11-ge490571c62 (webtiles) character file.

Game seed: 10192689157918187306

654 qw the Shooter (level 7, -16/35 HPs)
             Began as a Spriggan Hunter on Feb 4, 2024.
             Demolished by an ogre
             ... wielding a +0 giant spiked club
              (20 damage)
             ... on level 5 of the Dungeon.
             The game lasted 00:01:02 (2901 turns).

qw the Shooter (Spriggan Hunter)                    Turns: 2901, Time: 00:01:03

Health: -16/35     AC:  7    Str:  7    XL:     7   Next: 29%
Magic:  0/8        EV: 22    Int: 11    God:
Gold:   142        SH:  0    Dex: 20    Spells: 6/6 levels left

rFire   . . .        a - +1 shortbow
rCold   + . .        (shield currently unavailable)
rNeg    . . .        i - +2 robe {rC+}
rPois   .            (helmet restricted)
rElec   .            g - +2 cloak
rCorr   +            (gloves unavailable)
SInv    +            (boots unavailable)
Will    ++...        h - amulet of guardian spirit
Stlth   ++           e - ring of willpower
HPRegen 0.25/turn    f - ring of resist corrosion
MPRegen 0.11/turn

%: guardian spirit
@: very quick
A: very small, no large weapons, unfitting armour, see invisible, speed 3
a: no special abilities


You were on level 5 of the Dungeon.
You visited 1 branch of the dungeon, and saw 5 of its levels.
You also visited: Sewer.

You collected 142 gold pieces.


Innate Abilities, Weirdness & Mutations

You are very small and have problems with some larger weapons.
You are too small for most types of armour.
You have supernaturally acute eyesight. (SInv)
You cover ground extremely quickly. (Speed+++)


   Skills:
 - Level 2.0 Fighting
 + Level 7.2 Ranged Weapons
 - Level 7.0 Dodging
 - Level 1.5 Stealth


You had 6 spell levels left.
You didn't know any spells.
Your spell library was empty.

Inventory:

Hand Weapons
 a - a +1 shortbow (weapon)
Armour
 g - a +2 cloak (worn)
 i - a +2 robe of cold resistance (worn)
Jewellery
 e - a ring of willpower (left hand)
 f - a ring of resist corrosion (right hand)
 h - an amulet of guardian spirit (around neck)
Wands
 c - a wand of paralysis (4)
Potions
 j - 2 potions of curing

Dungeon Overview and Level Annotations

Branches:
Dungeon (5/15)              Sewer (visited)
 Temple: D:4-7

Altars:
Yredelemnul

Shops:
D:1 [


Message History

The orc wizard gestures at you while chanting.
The puff of flame misses you.
The orc priest mumbles some strange prayers to Beogh against you.
Beogh smites you! The orc hits you with a +0 short sword.
You shoot an arrow. The arrow barely misses the orc priest.
The orc priest closely misses you.
The orc wizard casts a spell.
The orc wizard flickers and vanishes for a moment.
The orc hits you with a +0 short sword.
You shoot an arrow. The arrow barely misses the orc priest.
The orc wizard misses you. The orc hits you with a +0 short sword.
The orc priest hits you but does no damage.
You shoot an arrow. The arrow hits the orc priest.
The orc priest is heavily wounded.
The orc priest closely misses you. The orc hits you but does no damage.
The orc wizard hits you but does no damage.
You shoot an arrow.
The arrow closely misses the orc priest.
The orc wizard hits you with a +0 dagger.
The orc priest barely misses you. The ogre completely misses you.
The orc hits you but does no damage.
You shoot an arrow.
The arrow hits the orc priest but does no damage.
The orc priest is heavily wounded.
The orc wizard hits you with a +0 dagger.
The orc priest misses you. The orc closely misses you.
You shoot an arrow. The arrow barely misses the orc priest.
The ogre hits you with a +0 giant spiked club!
The orc wizard misses you. The orc priest closely misses you.
The orc hits you but does no damage.
You shoot an arrow. The arrow hits the orc priest!
You kill the orc priest!
The ogre barely misses you. The orc hits you with a +0 short sword.
The orc wizard hits you but does no damage.
You shoot an arrow.
The arrow closely misses the orc wizard.
The orc wizard closely misses you. The orc misses you.
The ogre hits you with a +0 giant spiked club!!
Ouch! That really hurt!
You die...

#.# # #.# ? .
#. ..... ..
.##.#.##.
....... ## ###
..#.##... ..#
##oo.....# #.#
#)@O......
..#.#.......#
#.##.#.##.##
#...........
###.###.#.##
#.# #<# # # #.#
#%# #
#>..###.###.#.#
.........).<..#


You could see an ogre, an orc wizard (invisible) and an orc.

Vanquished Creatures
  An ogre (D:4)
  2 bullfrogs (Sewer)
  A howler monkey (D:4)
  An orc priest (D:5)
  2 iguanas
  2 orc wizards (D:3)
  4 gnolls
  10 adders
  9 dart slugs
  2 ribbon worms
  9 orcs
  7 bats
  6 endoplasms
  8 giant cockroaches
  6 goblins
  8 hobgoblins
  5 jackals (D:1)
  6 kobolds
  7 quokkas
  16 ball pythons
  12 frilled lizards
  5 rats
129 creatures vanquished.

Notes
Turn   | Place    | Note
-------+----------+-------------------------------------------
     0 | D:1      | qw the Spriggan Hunter began the quest for the Orb.
     0 | D:1      | Reached XP level 1. HP: 10/10 MP: 2/2
     0 | D:1      | 0 ||| qw: Version: 0.3-a-160-g6735b56
     0 | D:1      | 0 ||| qw: Game counter: 5862
     0 | D:1      | 0 ||| qw: Melee chars always use a shield: true
     0 | D:1      | 0 ||| qw: God list: Okawaru
     0 | D:1      | 0 ||| qw: Allow faded altars: false
     0 | D:1      | 0 ||| qw: Do Orc after clearing Dungeon:15 true
     0 | D:1      | 0 ||| qw: Do second Lair branch before Depths: true
     0 | D:1      | 0 ||| qw: Lair rune preference: random
     0 | D:1      | 0 ||| qw: Goals: Normal
     0 | D:1      | 0 ||| PLANNING D:1-11
     6 | D:1      | Reached skill level 3 in Dodging
    32 | D:1      | Reached XP level 2. HP: 14/14 MP: 3/3
    59 | D:1      | 59 ||| RETREEEEATING.
    60 | D:1      | 60 ||| RETREEEEATING.
   170 | D:1      | Reached XP level 3. HP: 18/18 MP: 4/4
   353 | D:1      | Found Jegigrurch's Antique Armour Shoppe.
   361 | D:1      | 361 ||| SHOPLISTING +5 moon troll leather armour {Spirit,
                  | Regen++ MP+5} (1071 gold, have 35).
   463 | D:1      | 463 ||| UPGRADING to amulet of guardian spirit.
   468 | D:1      | 468 ||| UPGRADING to ring of willpower.
   469 | D:1      | 469 ||| READING scroll labelled DEOTRI WUICRIOMM.
   470 | D:1      | 470 ||| READING scroll labelled ONIROGG CUNAPN.
   470 | D:1      | 470 ||| IDENTIFYING scroll labelled GEJO DICWISIO
   471 | D:1      | 471 ||| DROPPING scroll of butterflies.
   472 | D:1      | 472 ||| DROPPING scroll of fog.
   610 | D:2      | Reached XP level 4. HP: 22/22 MP: 5/5
   650 | D:2      | Found a basalt altar of Yredelemnul.
   955 | D:2      | 955 ||| UPGRADING to +2 cloak.
   960 | D:2      | 960 ||| UPGRADING to +2 robe of cold resistance.
   970 | D:2      | 970 ||| DROPPING +0 robe.
   971 | D:2      | 971 ||| READING scroll of identify.
   971 | D:2      | 971 ||| IDENTIFYING orange potion
   972 | D:2      | 972 ||| READING scroll labelled KOGUCA OTRIF.
   973 | D:2      | 973 ||| READING 3 scrolls labelled MUHUDITAKA.
   974 | D:2      | 974 ||| DROPPING 2 scrolls of immolation.
   976 | D:2      | 976 ||| Stepping ~*~*~tactically~*~*~ (cloud).
   982 | D:2      | HP: 5/23 [poisoned by you (poison gas)]
  1198 | D:3      | HP: 5/23 [orc wizard/puff of flame (5)]
  1199 | D:3      | 1199 ||| DRINKING potion of heal wounds.
  1205 | D:3      | Reached XP level 5. HP: 26/26 MP: 1/6
  1381 | D:3      | Found a faded altar of an unknown god.
  1578 | D:3      | Reached skill level 6 in Ranged Weapons
  1935 | D:3      | 1935 ||| UPGRADING to ring of resist corrosion.
  1936 | D:3      | 1936 ||| READING 2 scrolls of identify.
  1936 | D:3      | 1936 ||| IDENTIFYING fuming dark potion
  1937 | D:3      | 1937 ||| READING scroll of identify.
  1937 | D:3      | 1937 ||| IDENTIFYING green potion
  1938 | D:3      | 1938 ||| READING scroll labelled DOQELICW JASH.
  1938 | D:3      | 1938 ||| ENCHANTING +0 shortbow.
  1939 | D:3      | 1939 ||| DROPPING potion of lignification.
  1957 | D:4      | 1957 ||| PLANNING SEWER
  1958 | D:4      | 1958 ||| STAIRDANCE
  2281 | D:4      | Reached skill level 6 in Dodging
  2281 | D:4      | Reached XP level 6. HP: 30/30 MP: 7/7
  2298 | D:4      | Found a glowing drain.
  2299 | D:4      | 2299 ||| READING scroll labelled QEAZETW XETIPS.
  2319 | Sewer    | Entered a sewer
  2789 | Sewer    | 2789 ||| READING scroll of identify.
  2789 | Sewer    | 2789 ||| IDENTIFYING clear potion
  2790 | Sewer    | 2790 ||| DROPPING potion of brilliance.
  2810 | D:4      | 2810 ||| PLANNING D:1-11
  2826 | D:5      | Entered Level 5 of the Dungeon
  2831 | D:5      | 2831 ||| STAIRDANCE
  2837 | D:4      | Reached XP level 7. HP: 35/35 MP: 8/8
  2839 | D:5      | 2839 ||| STAIRDANCE
  2854 | D:5      | 2854 ||| STAIRDANCE
  2899 | D:5      | HP: 7/35 [ogre/+0 giant spiked club (11)]
  2901 | D:5      | Demolished by an ogre

Levels and vault maps discovered:
D:1:      dpeg_arrival_shelter, layout_rooms, serial_shops, nicolae_shop_stone,
          minmay_tetromino_i4
D:2:      layout_rooms, basic_altar, serial_bayou_pond_b
D:3:      layout_loops_ring, dreamdust_ecumenical_altar_hidden_monk_grotto,
          roderic_three_in_a_row, hangedman_decor_growths
D:4:      layout_cave_pools, portal_sewer_entry_d
D:5:      layout_loops_ring, nicolae_wu_jian_glorious_leap, serial_shops, shop

Skill      XL: |  1  2  3  4  5  6  7 |
---------------+----------------------+-----
Dodging        | 3 4 5 6 7 |  7.0
Ranged Weapons | 5 6 7 |  7.2
Fighting       | 2 |  2.0
Stealth        | |  1.5

Action                     |  1- 3 |  4- 6 |  7- 9 || total
---------------------------+-------+-------+-------++-------
   Fire: Shortbow          |   102 |   252 |    41 ||   395
    Use: Scroll            |     2 |     8 |       ||    10
         Potion            |       |     1 |       ||     1
 Armour: Robe              |    10 |    34 |    20 ||    64
  Dodge: Dodged            |    54 |   117 |    37 ||   208

Table legend:
 A = Non-vault XP
 B = Vault XP
 C = Vault XP percentage of total XP
 D = Non-vault monster count
 E = Vault monster count
 F = Vault count percentage of total count
                 A         B        C        D         E       F
            +---------+---------+-------+---------+---------+-------
      Total |     620 |     315 |  33.7 |      88 |      41 |  31.8
            +---------+---------+-------+---------+---------+-------
        D:1 |      48 |      10 |  17.2 |      28 |       4 |  12.5
        D:2 |      97 |       9 |   8.5 |      22 |       5 |  18.5
        D:3 |     156 |       0 |   0.0 |      24 |       0 |   0.0
        D:4 |     257 |      13 |   4.8 |      10 |       1 |   9.1
        D:5 |      62 |       0 |   0.0 |       4 |       0 |   0.0
      Sewer |       0 |     283 | 100.0 |       0 |      31 | 100.0
            +---------+---------+-------+---------+---------+-------
